 Dungeon Crawl Stone Soup version 0.26-a0-844-g3dd439832f (webtiles) character file.

Game seed: 6629535172579689936

33 jestyr24 the Grave Robber (level 3, -1/26 HPs)
             Began as a Demonspawn Necromancer on Nov 19, 2020.
             Slain by a worm (9 damage)
             ... on level 2 of the Dungeon.
             The game lasted 00:08:21 (1921 turns).

jestyr24 the Grave Robber (Demonspawn Necromancer)  Turns: 1921, Time: 00:08:21

Health: -1/26      AC:  2    Str:  8    XL:     3   Next: 12%
Magic:  6/6        EV: 12    Int: 17    God:
Gold:   59         SH:  0    Dex: 13    Spells: 5/6 levels left

rFire    . . .     SeeInvis .   (no weapon)
rCold    . . .     Faith    .   (no shield)
rNeg     . . .     Spirit   .   a - +0 robe
rPois    .         Reflect  .   (no helmet)
rElec    .         Harm     .   (no cloak)
rCorr    .         Rampage  .   (no gloves)
MR       .....                  (no boots)
Stlth    ++........             (no amulet)
HPRegen  0.08/turn              (no ring)
MPRegen  0.10/turn              (no ring)

@: no status effects
A: talons 1, powered by death 1
a: no special abilities


You were on level 2 of the Dungeon.
You visited 1 branch of the dungeon, and saw 2 of its levels.

You collected 59 gold pieces.

Inventory:

Hand Weapons
 e - a +0 club
 f - a +0 dagger
Armour
 a - a +0 robe (worn)
Scrolls
 b - 2 scrolls of identify {unknown}
 c - a scroll of enchant armour {unknown}
 d - 2 scrolls of immolation {unknown}
 h - 2 scrolls of teleportation {unknown}
 j - a scroll of fog {unknown}
Potions
 g - a potion of heal wounds {unknown}
 i - a potion of haste {unknown}


   Skills:
 * Level 1.0 Fighting
 + Level 2.0 Dodging
 - Level 2.2 Stealth
 * Level 0.6 Unarmed Combat
 - Level 2.0 Spellcasting
 - Level 4.7 Necromancy


You had 5 spell levels left.
You knew the following spells:

 Your Spells              Type           Power        Failure   Level
a - Pain                  Necr           ###.         2%          1

Your spell library contained the following spells:

 Spells                   Type           Power        Failure   Level
 Animate Skeleton         Necr           ###...       2%          1
 Vampiric Draining        Necr           ###.......   9%          3
 Animate Dead             Necr           ###.......   26%         4
 Agony                    Necr           ###.....     58%         5


Dungeon Overview and Level Annotations

Branches:
Dungeon (2/15)

Altars:


Innate Abilities, Weirdness & Mutations

You have sharp toenails.
You regenerate a little health from kills.


Message History

The worm bites you!
You hit the worm.
The worm is moderately wounded.
You hit the worm but do no damage. Your kick misses the worm.
The worm is moderately wounded.
The worm barely misses you.
You hit the worm but do no damage.
The worm is moderately wounded.
The worm bites you.
You barely miss the worm. You claw the worm.
The worm is heavily wounded.
You hit the worm but do no damage. You claw the worm.
The worm is severely wounded.
The worm barely misses you.
You hit the worm.
The worm is severely wounded.
You hit the worm. You claw the worm, but do no damage.
The worm is almost dead.
The worm bites you!
You die...

.
..##############....#
)...........@w......#
#.......########....#
#######..## #.... .##
##..#####... ...
##...##..# #.###
###.##.# #..<##
#....### ###..#
####...# ##.##
##..#.#


You could see a worm.

Vanquished Creatures
  2 dart slugs (D:1)
  A ball python (D:1)
  2 bats
  A giant cockroach (D:1)
  5 hobgoblins (D:1)
  3 jackals (D:1)
  5 frilled lizards (D:1)
  4 kobolds (D:1)
  5 rats (D:1)
28 creatures vanquished.

Notes
Turn   | Place    | Note
-------+----------+-------------------------------------------
     0 | D:1      | jestyr24 the Demonspawn Necromancer began the quest for the
                  | Orb.
     0 | D:1      | Reached XP level 1. HP: 13/13 MP: 3/3
   404 | D:1      | Gained mutation: You have sharp toenails. [demonic
                  | ancestry]
   404 | D:1      | Reached XP level 2. HP: 10/19 MP: 0/5
  1403 | D:1      | Gained mutation: You regenerate a little health from kills.
                  | [demonic ancestry]
  1403 | D:1      | Reached XP level 3. HP: 24/25 MP: 6/6
  1499 | D:1      | Reached skill level 1 in Fighting
  1921 | D:2      | Slain by a worm

Illustrated notes

Levels and vault maps discovered:
D:1:      sevenhm_arrival_forest_fort_large_3, layout_basic, chequers_big_river
D:2:      layout_rooms, grunt_temple_overflow_holy_war

Skill      XL: |  1  2  3 |
---------------+----------+-----
Stealth        | 2 |  2.2
Dodging        | 2 |  2.0
Fighting       | 1 |  1.0
Unarmed Combat | |  0.6
Spellcasting   | |  2.0
Necromancy     | |  4.7

Action                   || total
-------------------------++-------
Melee: Club              ||     6
       Unarmed           ||    78
       Kick              ||    23
       Punch             ||     1
 Cast: Pain              ||    23
 Stab: Sleeping          ||     1
Armor: Robe              ||    24
Dodge: Dodged            ||    58

Table legend: (Time is in decaauts)
 A = Elapsed time spent in this place.
 B = Non-inter-level travel time spent in this place.
 C = Inter-level travel time spent in this place.
 D = Time resting spent in this place.
 E = Time spent auto-exploring this place.
 F = Levels seen in this place.
 G = Mean time per level.
                   A        B        C        D        E       F      G
               +--------+--------+--------+--------+--------+-----+--------+
         Total |   1930 |   1912 |     18 |    503 |    912 |   2 |  965.0 |
       Dungeon |   1930 |   1912 |     18 |    503 |    912 |   2 |  965.0 |
               +--------+--------+--------+--------+--------+-----+--------+

Top non-repeatable levels by time:
     D:1: 1879 daAuts
     D:2: 50 daAuts
